 Dungeon Crawl Stone Soup version 0.27-a0-25-g087482e4d5 (webtiles) character file.

Game seed: 4980557532884577286

20 Delamore the Shield-Bearer (level 2, 0/20 HPs)
             Began as a Gargoyle Fighter on Jan 3, 2021.
             Slain by Sigmund
             ... wielding a +0 scythe
              (9 damage)
             ... on level 2 of the Dungeon.
             The game lasted 00:00:42 (1092 turns).

Delamore the Shield-Bearer (Gargoyle Fighter)       Turns: 1092, Time: 00:00:42

Health: 0/20       AC:  9    Str: 19    XL:     2   Next: 79%
Magic:  2/2        EV:  7    Int:  8    God:
Gold:   41         SH:  0    Dex:  9    Spells: 1/1 levels left

rFire    . . .     SeeInvis .   a - +0 flail
rCold    . . .     Faith    .   c - +0 kite shield
rNeg     + . .     Spirit   .   b - +0 scale mail
rPois    ∞         Reflect  .   (no helmet)
rElec    +         Harm     .   (no cloak)
rCorr    .         Rampage  .   (no gloves)
Will     .....                  (no boots)
Stlth    ..........             (no amulet)
HPRegen  0.06/turn              (no ring)
MPRegen  0.08/turn              (no ring)

@: confused
A: negative energy resistance 1, electricity resistance, unbreathing,
petrification resistance, miasma immunity, AC +2
a: no special abilities


You were on level 2 of the Dungeon.
You visited 1 branch of the dungeon, and saw 2 of its levels.

You collected 41 gold pieces.

Inventory:

Hand Weapons
 a - a +0 flail (weapon)
Armour
 b - a +0 scale mail (worn)
 c - a +0 kite shield (worn)
Scrolls
 e - a scroll of teleportation {unknown}
 g - a scroll of identify {unknown}
Potions
 d - 2 potions of might
 f - a potion of curing {unknown}
 h - a potion of degeneration {unknown}
 i - 2 potions of flight {unknown}


   Skills:
 + Level 3.7 Fighting
 + Level 2.4 Maces & Flails
 - Level 3.2 Armour
 + Level 3.7 Shields


You had one spell level left.
You didn't know any spells.
Your spell library was empty.

Dungeon Overview and Level Annotations

Branches:
Dungeon (2/15)

Altars:

Annotations:
D:2 Sigmund


Innate Abilities, Weirdness & Mutations

You are resistant to torment.
Your stone body is resilient. (AC +2)
You are immune to poison.
You resist negative energy. (rN+)
You are resistant to electric shocks. (rElec)
You can survive without breathing.
You are immune to petrification.
You are immune to miasma.


Message History

You start waiting.
Sigmund is nearby!
Sigmund zaps a wand.
The puff of flame hits you but does no damage.
You block Sigmund's attack.
You hit Sigmund but do no damage. Sigmund hits you but does no damage.
You hit Sigmund.
Sigmund is lightly wounded.
You block Sigmund's attack.
You hit Sigmund but do no damage.
Sigmund is lightly wounded.
Sigmund casts a spell at you.
You are confused.
Sigmund points at you and mumbles some strange words.
The puff of flame hits you!
Sigmund zaps a wand.
The puff of flame hits you.
You bump into the rock wall.
Sigmund zaps a wand.
The puff of flame hits you but does no damage.
You bump into the rock wall.
Sigmund hits you with a +0 scythe!
You die...

#.# #.# #<# #.#
#.# #.# #.# #.#
#.# #.# #.# #.#
#.###.#
#######..##.#
#........@@.#
#.######.####
#.# #.# #
######.######.#
#
#..........##.#
#
#.####.###.##.#
###.####.# #.#
.†.......# #.#
###.###### #.#


You could see Sigmund.

Vanquished Creatures
  An ooze (D:2)
  A leopard gecko (D:1)
  A giant cockroach (D:2)
  A goblin (D:1)
  3 jackals (D:1)
  2 kobolds
  2 frilled lizards (D:2)
  4 rats
15 creatures vanquished.

Notes
Turn   | Place    | Note
-------+----------+-------------------------------------------
     0 | D:1      | Delamore the Gargoyle Fighter began the quest for the Orb.
     0 | D:1      | Reached XP level 1. HP: 14/14 MP: 1/1
   387 | D:1      | Reached XP level 2. HP: 19/19 MP: 2/2
  1064 | D:2      | Noticed Sigmund
  1092 | D:2      | Slain by Sigmund

Illustrated notes

Levels and vault maps discovered:
D:1:      dpeg_arrival_simpleton_b, layout_loops_ring, serial_aquarium,
          aquarium_bridge_long_joined [aquarium_subvault_bridge,
          aquarium_subvault_bridge, aquarium_subvault_window,
          aquarium_subvault_bridge, aquarium_subvault_window,
          aquarium_subvault_window], aquarium_bridge_straight
          [aquarium_subvault_bridge, aquarium_subvault_window,
          aquarium_subvault_bridge, aquarium_subvault_balcony],
          aquarium_window_2, aquarium_window_3, aquarium_window_fake,
          aquarium_window_double, aquarium_view_2c, aquarium_view_2f,
          aquarium_pool_2, dk_noncrumbling_3, minivault_26,
          minmay_misc_feat_plants, minmay_misc_feat_nine_boxes
D:2:      layout_loops_ring, old_standard_altar, uniq_sigmund

Action                   || total
-------------------------++-------
Melee: Flail             ||    50
Armor: Scale mail        ||    19
Dodge: Dodged            ||    11
Block: Kite shield       ||    26

Table legend: (Time is in decaauts)
 A = Elapsed time spent in this place.
 B = Non-inter-level travel time spent in this place.
 C = Inter-level travel time spent in this place.
 D = Time resting spent in this place.
 E = Time spent auto-exploring this place.
 F = Levels seen in this place.
 G = Mean time per level.
                   A        B        C        D        E       F      G
               +--------+--------+--------+--------+--------+-----+--------+
         Total |   1110 |   1079 |     31 |      6 |    943 |   2 |  555.0 |
       Dungeon |   1110 |   1079 |     31 |      6 |    943 |   2 |  555.0 |
               +--------+--------+--------+--------+--------+-----+--------+

Top non-repeatable levels by time:
     D:1: 824 daAuts
     D:2: 285 daAuts
